 Dungeon Crawl Stone Soup version 0.18.1-8-gdd0e5ea (webtiles) character file.

235 M4edhros the Ducker (level 6, 0/48 HPs)
             Began as a Formicid Hunter on June 4, 2016.
             Succumbed to an adder's poison
             ... on level 3 of the Dungeon.
             The game lasted 00:02:10 (1819 turns).

M4edhros the Ducker (Formicid Hunter)               Turns: 1819, Time: 00:02:11

Health: 0/48       AC:  5    Str: 16    XL:     6   Next: 27%
Magic:  6/6        EV: 19    Int: 11    God:
Gold:   146        SH:  0    Dex: 18    Spells: 0 memorised, 5 levels left

rFire  . . .     SeeInvis +     e - +4 quarterstaff (chaos)
rCold  . . .     Gourm    .     c - +0 leather armour
rNeg   . . .     Faith    .     (no shield)
rPois  .         Spirit   .     (helmet unavailable)
rElec  .         Dismiss  .     m - +0 cloak
rCorr  .         Reflect  .     n - +0 pair of gloves
SustAt .         Harm     .     (no boots)
MR     .....                    (no amulet)
Stlth  +++.......               (no ring)
                                (no ring)

@: agile, lethally poisoned (0 -> 0), not resistant to hostile enchantments,
fairly stealthy
A: permanent stasis, dig shafts and tunnels, four strong arms, antennae 3,
blurry vision 2
a: Dig, Shaft Self


You were on level 3 of the Dungeon.
You were not hungry.

You visited 1 branch of the dungeon, and saw 4 of its levels.

You collected 146 gold pieces.

Inventory:

Hand Weapons
 a - a +1 hand crossbow
 b - a +0 short sword
 e - a +4 quarterstaff of chaos (weapon)
Missiles
 d - 22 bolts
 l - 5 javelins (quivered)
Armour
 c - a +0 leather armour (worn)
 k - a +0 cloak
 m - a +0 cloak (worn)
 n - a +0 pair of gloves (worn)
Scrolls
 g - a scroll of teleportation {unknown}
 h - a scroll of fog {unknown}
 j - 3 scrolls of enchant weapon {unknown}
Comestibles
 f - a bread ration
 i - 2 meat rations
 q - 3 chunks of flesh


   Skills:
 + Level 4.1 Fighting
 * Level 1.0 Staves
 - Level 4.0 Crossbows
 * Level 4.5 Dodging
 - Level 1.2 Stealth


You had 5 spell levels left.
You didn't know any spells.

Dungeon Overview and Level Annotations

Branches:
Dungeon (4/15)
 Temple: D:4-7

Altars:
Okawaru
Qazlal


Innate Abilities, Weirdness & Mutations

You are under a permanent stasis effect.
You can dig through walls and to a lower floor.
Your four strong arms can wield two-handed weapons with a shield.
You have a pair of large antennae on your head (SInv).
Scrolls take you longer to read.


Message History

There is a stone staircase leading down here.
Read which item? (? for menu, Esc to quit)
Okay, then.
You aren't carrying any potions.
Unknown command.
Okay, then.
* * * LOW HITPOINT WARNING * * *
You feel sick.
* * * LOW HITPOINT WARNING * * *
You feel sick.
* * * LOW HITPOINT WARNING * * *
You feel sick.
* * * LOW HITPOINT WARNING * * *
You feel sick.
There is a lethal amount of poison in your body!
There is a lethal amount of poison in your body!
There is a lethal amount of poison in your body!
A kobold comes into view. It is wielding a club.
The kobold shouts!
You die...

#.# #.#.......... #.#
...#.≈≈≈≈≈.≈≈≈ #.#
#.##.#.≈###≈.≈## #.# #
##.#.≈# #≈.≈#
###.###.##...≈###≈.≈##
##............≈≈≈≈≈.≈≈≈
#..##.##.#..#..........
#........K..#.≈≈≈≈≈.≈≈≈
#..###@###.##.≈###≈.≈##
#. #...# ..≈ #≈.≈# #
#.....# ..≈###≈.≈##
......... ..≈≈≈≈≈.≈≈≈
..#.....#.............
#..##...##....≈≈≈≈≈.≈≈≈
## ##### ....≈###≈.≈##
....≈# #≈.≈#
#...≈###≈.≈##


You could see a kobold.

Vanquished Creatures
  Crazy Yiuf (D:2)
  Jessica (D:2)
  Terence (D:2)
  4 gnolls
  6 adders (D:2)
  3 worms (D:2)
  A dart slug (D:2)
  A giant gecko (D:4)
  2 bats
  3 giant cockroaches
  10 goblins
  7 hobgoblins
  6 jackals (D:1)
  6 kobolds
  4 giant newts
  5 rats
61 creatures vanquished.

Notes
Turn   | Place    | Note
--------------------------------------------------------------
     0 | D:1      | M4edhros the Formicid Hunter began the quest for the Orb.
     0 | D:1      | Reached XP level 1. HP: 16/16 MP: 1/1
   100 | D:1      | Reached XP level 2. HP: 23/23 MP: 2/2
   220 | D:1      | Reached XP level 3. HP: 28/28 MP: 3/3
   726 | D:2      | Reached XP level 4. HP: 35/35 MP: 4/4
   787 | D:2      | Noticed Crazy Yiuf
   796 | D:2      | Killed Crazy Yiuf
   798 | D:2      | Gained mutation: Scrolls take you a little longer to read. [potion of mutation]
   798 | D:2      | Gained mutation: Scrolls take you longer to read. [potion of mutation]
   798 | D:2      | HP: 1/35 [poisoned by Crazy Yiuf]
  1152 | D:2      | Reached XP level 5. HP: 41/41 MP: 5/5
  1161 | D:2      | Found an iron altar of Okawaru.
  1198 | D:2      | Noticed Terence
  1211 | D:2      | Killed Terence
  1249 | D:2      | Noticed Jessica
  1249 | D:2      | Killed Jessica
  1339 | D:2      | Found a stormy altar of Qazlal.
  1423 | D:2      | Reached XP level 6. HP: 48/48 MP: 6/6
  1789 | D:4      | Reached skill level 1 in Staves
  1804 | D:3      | HP: 2/48 [poisoned by an adder]
  1811 | D:3      | HP: 1/48 [poisoned by an adder]
  1819 | D:3      | Succumbed to an adder's poison

Skill      XL: |  1  2  3  4  5  6 |
---------------+-------------------+-----
Dodging        | 2 3 4 |  4.5
Fighting       | 3 4 |  4.1
Staves         | 1 |  1.0
Crossbows      | |  4.0
Stealth        | |  1.2

Action                   |  1- 3 |  4- 6 || total
-------------------------+-------+-------++-------
Melee: Quarterstaff      |       |    35 ||    35
 Fire: Hand crossbow     |    50 |    69 ||   119
  Use: Potion            |       |     7 ||     7
       Scroll            |       |     1 ||     1
 Stab: Sleeping          |       |     1 ||     1
  Eat: Chunk             |       |     3 ||     3
Armor: Leather armour    |     2 |    17 ||    19
Dodge: Dodged            |     9 |    48 ||    57
